 Dungeon Crawl Stone Soup version 0.18-a0-1109-gfc003ac (webtiles) character file.

224 4thArraOfDagon the Firebug (level 5, 0/28 HPs)
             Began as a Deep Elf Fire Elementalist on Jan 16, 2016.
             Slain by a worker ant (5 damage)
             ... on level 8 of the Dungeon.
             The game lasted 00:06:38 (828 turns).

4thArraOfDagon the Firebug (DEFE)                    Turns: 828, Time: 00:06:39

Health: 0/28       AC:  7    Str:  5    XL:     5   Next: 67%
Magic:  5/13       EV: 13    Int: 21    God:
Gold:   32         SH:  0    Dex: 15    Spells: 3 memorised, 5 levels left

rFire  . . .     SeeInvis .     l - +0 dagger (drain)
rCold  . . .     Gourm    .     f - +2 robe {rN+}
rNeg   + . .     Faith    .     (no shield)
rPois  .         Spirit   .     (no helmet)
rElec  .         Dismiss  .     d - +2 cloak
rCorr  .         Reflect  .     (no gloves)
SustAt .         Harm     .     (no boots)
MR     .....                    (no amulet)
Stlth  ++........               (no ring)
                                (no ring)

@: not resistant to hostile enchantments, unstealthy
A: no striking features
a: no special abilities


You were on level 8 of the Dungeon.
You were hungry.

You visited 1 branch of the dungeon, and saw 8 of its levels.

You collected 32 gold pieces.

Inventory:

Hand Weapons
 l - a +0 dagger of draining (weapon)
Armour
 d - a +2 cloak (worn)
 f - a +2 robe of positive energy (worn)
 q - the +10 chain mail of the Eleven Wars {rPois rC- MP+9 Int+3, unknown}
   (You found it on level 8 of the Dungeon)

   It affects your intelligence (+3).
   It makes you vulnerable to cold.
   It protects you from poison.
   It affects your magic capacity (+9).
Jewellery
 m - an uncursed ring of teleportation
Scrolls
 a - a scroll of teleportation
Potions
 e - a potion of invisibility
 h - 2 potions of haste {unknown}
 i - a potion of agility
 n - a potion of brilliance {unknown}
 o - a potion of curing {unknown}
Books
 b - a book of Flames

   Spells                             Type                      Level
   a - Flame Tongue                   Conjuration/Fire             1
   b - Throw Flame                    Conjuration/Fire             2
   c - Conjure Flame                  Conjuration/Fire             3
   d - Inner Flame                    Hexes/Fire                   3
   e - Sticky Flame                   Conjuration/Fire             4
   f - Fireball                       Conjuration/Fire             5
 g - a book of Enchantments

   Spells                             Type                      Level
   a - Cause Fear                     Hexes                        4
   b - Yara's Violent Unravelling     Hexes/Transmutation          5
   c - Silence                        Hexes/Air                    5
   d - Deflect Missiles               Charms/Air                   6
   e - Haste                          Charms                       6
   f - Discord                        Hexes                        8
Comestibles
 c - 4 bread rations
 j - a royal jelly
 k - 5 fruits
 p - a meat ration


   Skills:
 - Level 2.4 Dodging
 - Level 2.4 Stealth
 + Level 4.5 Spellcasting
 * Level 3.7 Conjurations
 * Level 5.2 Fire Magic


You had 5 spell levels left.
You knew the following spells:

 Your Spells              Type           Power        Failure   Level  Hunger
a - Flame Tongue          Conj/Fire      ###..        1%          1    None
b - Conjure Flame         Conj/Fire      ###.....     6%          3    ##.....
c - Sticky Flame          Conj/Fire      ###.....     21%         4    ####...


Dungeon Overview and Level Annotations

Branches:
Dungeon (8/15)
 Temple: D:4-7         Lair: D:8-11

Altars:

Annotations:
D:3 namelastname112's ghost, amateur DrWz
D:4 Voda's ghost, novice OpAr


Message History

The black bear claws you.
* * * LOW HITPOINT WARNING * * *
Unknown command.
Casting: Flame Tongue
Confirm with . or Enter, or press ? or * to list all spells.
Aiming: Sticky Flame
Press: ? - help, Shift-Dir - straight line, f - black bear
Aim: a black bear The sticky flame hits the black bear.
The black bear is moderately wounded.
The black bear is covered in liquid flames!
You are feeling hungry.
The black bear burns!
The black bear misses you. x2
The black bear claws you.
* * * LOW HITPOINT WARNING * * *
Unknown command.
Unknown command.
Unknown command.
Unknown command.
The black bear burns!
The worker ant bites you.
You die...

.# .########
........##############
>....................####
.............)..@a.......
.#####...########h....##
#...# #.).#.# #...# ..?.#
# #S..# .$.?... #####
#........ #.........#
########..# #.#


You could see a black bear (burning) and a worker ant.

Vanquished Creatures
  An ogre (D:8)
  An iguana (D:7)
  A worker ant (D:4)
  An orc wizard (D:5)
  A worker ant zombie (D:7)
  2 adders
  An ooze (D:4)
  2 adder skeletons (D:7)
  A giant gecko (D:1)
  5 orcs
  2 bats
  2 giant cockroaches
  A goblin (D:1)
  2 quokkas
  A giant gecko skeleton (D:4)
  A giant newt (D:3)
  2 kobolds
  A rat (D:3)
28 creatures vanquished.

Notes
Turn   | Place    | Note
--------------------------------------------------------------
     0 | D:1      | 4thArraOfDagon the Deep Elf Fire Elementalist began the quest for the Orb.
     0 | D:1      | Reached XP level 1. HP: 10/10 MP: 6/6
    81 | D:3      | Noticed namelastname112's ghost (amateur DrWz)
   142 | D:2      | Reached XP level 2. HP: 15/15 MP: 1/8
   288 | D:4      | Reached XP level 3. HP: 19/19 MP: 6/9
   293 | D:4      | Learned a level 3 spell: Conjure Flame
   302 | D:4      | Reached skill level 4 in Fire Magic
   339 | D:4      | Noticed Voda's ghost (novice OpAr)
   369 | D:4      | Reached XP level 4. HP: 13/24 MP: 7/11
   382 | D:4      | Learned a level 4 spell: Sticky Flame
   394 | D:5      | Entered Level 5 of the Dungeon
   622 | D:7      | Noticed a phantom
   743 | D:7      | Noticed an orc warrior
   750 | D:7      | Reached XP level 5. HP: 8/28 MP: 6/13
   803 | D:8      | Noticed a centaur
   811 | D:8      | Got a heavily runed chain mail
   817 | D:8      | Noticed an ogre
   823 | D:8      | Noticed a black bear
   826 | D:8      | Killed an ogre
   826 | D:8      | Reached skill level 5 in Fire Magic
   828 | D:8      | Slain by a worker ant

Vault maps used:
D:1:      dpeg_arrival_houses_and_road
D:3:      lemuel_coloured_pillars_altar
D:4:      wad_pebble_path, minmay_temple_entry_statues_fountains, first_bread
D:6:      nicolae_overflow_crystal_walls, minmay_holes
D:7:      minitemple, led_sif_pool

Action                   |  1- 3 |  4- 6 || total
-------------------------+-------+-------++-------
Melee: Whip              |     1 |       ||     1
       Short sword       |    18 |       ||    18
       Dagger            |       |     4 ||     4
 Cast: Flame Tongue      |    28 |    16 ||    44
       Sticky Flame      |       |     2 ||     2
       Conjure Flame     |       |     1 ||     1
  Use: Potion            |     1 |       ||     1
       Scroll            |       |     5 ||     5
 Stab: Sleeping          |     2 |     1 ||     3
